 Dungeon Crawl Stone Soup version 0.32-a0-607-g64ea0e4219 (webtiles) character file.

Game seed: 6399446814003520645

31662 ezpacito the Cleaver (level 13, -28/101 HPs)
             Began as a Coglin Chaos Knight on Mar 3, 2024.
             Was a Plaything of Xom.
             Annihilated by a white ugly thing (29 damage)
             ... on level 13 of the Dungeon.
             The game lasted 00:25:59 (11465 turns).

ezpacito the Cleaver (Coglin Chaos Knight)         Turns: 11465, Time: 00:26:00

Health: -28/101    AC: 21    Str: 19    XL:     13   Next: 59%
Magic:  20/20      EV: 11    Int: 11    God:    Xom [..*...]
Gold:   892        SH:  4    Dex: 15    Spells: 3/21 levels left

rFire   . . .        E - +6 trident of Plog {pain, rN++}
rCold   . . .        A - +5 short sword "Eboev" {vamp, Str+2}
rNeg    + + .        u - +2 shadow dragon scales
rPois   .            r - +2 helmet
rElec   .            D - +0 cloak
rCorr   .            o - +0 pair of gloves
SInv    .            C - +0 pair of boots
Will    .....        (amulet unavailable)
Stlth   ++++         (ring unavailable)
HPRegen 0.36/turn    (ring unavailable)
MPRegen 0.17/turn    (no gizmo)

%: no passive effects
@: mighty, brilliant, attractive, revving
A: off-hand wielding, slow wielding, warmup strikes, no jewellery, iridescent
scales 1, large bone plates 1, deformed body, mutation resistance 1, inability
to read after injury 1
a: Invent Gizmo, Renounce Religion


You were on level 13 of the Dungeon.
You worshipped Xom.
You were a toy of Xom.
You visited 2 branches of the dungeon, and saw 15 of its levels.
You also visited: Sewer and Bailey.

You collected 1124 gold pieces.
You spent 232 gold pieces at shops.

Inventory:

Hand Weapons
 a - a +3 hand axe of chaos {Kanehira}
 k - a +2 long sword of flaming {Mei}
 A - the +5 short sword "Eboev" (offhand) {vamp, Str+2}
   (You bought it in a shop on level 5 of the Dungeon)

   Str+2:     It affects your strength (+2).
 E - the +6 trident of Plog (weapon) {pain, rN++}
   (You found it on level 7 of the Dungeon)

   rN++:      It greatly protects you from negative energy.
Missiles
 n - 3 javelins
 z - 2 throwing nets
 F - 50 poisoned darts
 G - 2 curare-tipped darts
 K - 3 boomerangs
Armour
 o - a +0 pair of gloves (worn)
 r - a +2 helmet (worn)
 u - +2 shadow dragon scales (worn)
 C - a +0 pair of boots (worn)
 D - a +0 cloak (worn)
 H - the +1 ring mail of Snakes and Ladders {-Cast rN+ Will++ Str+4}
   (You took it off a kobold on level 6 of the Dungeon)

   Str+4:     It affects your strength (+4).
   rN+:       It protects you from negative energy.
   Will++:    It greatly increases your willpower.
   -Cast:     It prevents spellcasting.
 J - the +0 plate armour of the Sharing Gods {rPois rCorr}
   (You found it in a bailey)

   rPois:     It protects you from poison.
   rCorr:     It protects you from acid and corrosion.
Magical Staves
 h - a staff of cold
Talismans
 j - a beast talisman
 m - a serpent talisman
Wands
 v - a wand of light (1)
 B - a wand of mindburst (9)
Scrolls
 b - 3 scrolls of fog
 i - a scroll of identify
 t - 5 scrolls of teleportation
 x - a scroll of noise
 y - 3 scrolls of amnesia
 I - 2 scrolls of brand weapon
 N - 2 scrolls of poison
Potions
 e - 4 potions of enlightenment
 l - a potion of heal wounds
 q - 2 potions of curing
 s - 3 potions of brilliance
 w - 2 potions of attraction
 L - a potion of lignification
Miscellaneous
 f - a condenser vane (inert)


   Skills:
 * Level 9.3 Fighting
 + Level 4.9 Short Blades
 * Level 9.3(10.5) Axes
 * Level 7.0(9.0) Polearms
 * Level 8.2 Armour
 * Level 8.1 Dodging
 + Level 5.4 Stealth
 + Level 4.8 Spellcasting
 + Level 2.3 Summonings
 + Level 3.1 Necromancy
 + Level 2.2 Alchemy
 + Level 7.8 Evocations


You had 3 spell levels left.
You knew the following spells:

 Your Spells              Type           Power      Damage    Failure   Level
a - Mercury Vapours       Alch/Air       14%        N/A       87%         2
b - Animate Armour        Summ/Erth      14%        N/A       100%        4
c - Summon Lightning Spi  Summ/Air       7%         N/A       100%        4
d - Freezing Cloud        Conj/Ice/Air   1%         6-21      100%        5
x - Mephitic Cloud        Conj/Alch/Air  6%         N/A       99%         3

Your spell library contained the following spells:

 Spells                   Type           Power      Damage    Failure   Level
 Lee's Rapid Deconstruct  Erth           1%         3d4*      100%        5


Dungeon Overview and Level Annotations

Branches:
Dungeon (14/15)            Temple (1/1) D:4            Lair (0/5) D:10
    Orc (0/2) D:10          Sewer (visited)          Bailey (visited)
 Vaults: D:13-14

Altars:
Ashenzari
Cheibriados
Dithmenos
Elyvilon
Fedhas
Gozag
Hepliaklqana
Kikubaaqudgha
Makhleb
Nemelex Xobeh
Okawaru
Qazlal
Ru
Sif Muna
Trog
Uskayaw
Vehumet
Wu Jian
Xom
Yredelemnul
Zin
The Shining One

Shops:
D:5 *   D:10 :

Annotations:
D:13 1 runed translucent door, snarfax's ghost, journeyman MDBe


Innate Abilities, Weirdness & Mutations

You can wield a second weapon in your off-hand.
It takes a long time for you to wield or remove held weapons.
Your first few attacks do less damage.
You cannot equip rings or amulets.
You are partially covered in iridescent scales. (AC +2)
You are partially covered in large bone plates. (SH +4)
Armour fits poorly on your strangely shaped body.
You are somewhat resistant to further mutation.
You occasionally lose the ability to read scrolls when taking damage.


Message History

You feel better.
The white ugly thing is lightly wounded.
You puncture the white ugly thing with the +6 trident of Plog!
The white ugly thing writhes in agony.
You regained 2 hp, and now have 66/101 hp.
You hit the white ugly thing with the +5 short sword "Eboev".
The white ugly thing is moderately wounded.
You barely miss the white ugly thing with the +6 trident of Plog.
You block the white ugly thing's attack.
You closely miss the white ugly thing with the +5 short sword "Eboev".
The white ugly thing is moderately wounded.
You closely miss the white ugly thing with the +6 trident of Plog.
The white ugly thing trunk-slaps you! The white ugly thing freezes you!!
* * * LOW HITPOINT WARNING * * *
A shower of butterflies erupts from you!
You take 38 damage, and have 28/101 hp.
MASSIVE DAMAGE!!
You puncture the white ugly thing with the +5 short sword "Eboev"!
You feel better.
The white ugly thing is heavily wounded.
You hit the white ugly thing with the +6 trident of Plog.
The white ugly thing trunk-slaps you. The white ugly thing freezes you!!
* * * LOW HITPOINT WARNING * * *
You take 18 damage, and have 10/101 hp.
You puncture the white ugly thing with the +5 short sword "Eboev"!
The white ugly thing is severely wounded.
You closely miss the white ugly thing with the +6 trident of Plog.
You block the white ugly thing's attack.
You swap places.
The white ugly thing trunk-slaps your butterfly!
Your butterfly dies!
Your butterfly disappears in a puff of smoke!
The white ugly thing is attracted toward you.
The white ugly thing attacks as it pursues you!
The white ugly thing trunk-slaps you but does no damage.
The white ugly thing attacks as it pursues you!
The white ugly thing trunk-slaps you!
* * * LOW HITPOINT WARNING * * *
The white ugly thing freezes you!!
You die...
Xom chuckles heartily!

#............# #.#.# #.####.#.
#.......#.#### #.#.# #........
#.....###.# #...# ########.
##.....# #.# ##### #. ##.....##
#.# #. .)......# #.# #. ##...<.##
#.# #. ##...## #.########## #.
#..## #.....@u...# #. #.##
##########># #. ###.###### #.# #.
.........# #.# #.
###.####.###########b###########.
)..._................>#..........
###.....!###########..#.#########
##.=.....### #..#.#
...........#########..#.#


You could see a white ugly thing.

Vanquished Creatures
  Kirke (D:13)
  A hydra (D:11)
  2 centaur warriors
  2 boulder beetles
  2 two-headed ogres (D:10)
  A tengu warrior (D:13)
  An orc knight (Bailey)
  A deep elf pyromancer (Bailey)
  3 ugly things
  7 cyclopes
  A manticore (D:13)
  3 slime creatures (D:13)
  A gargoyle (D:12)
  Jeremiah (D:9)
  A komodo dragon (D:7)
  3 trolls
  A shadow (D:10)
  A hog (D:9)
  22 yaks
  6 wraiths
  Eustachio (D:4)
  A steam dragon (D:9)
  4 vampire mosquitoes (D:9)
  4 water moccasins
  8 orc warriors
  3 sky beasts
  5 ogres
  3 centaurs
  A phantom (D:7)
  5 kobold brigands
  2 bullfrogs (Sewer)
  2 gnoll sergeants
  5 scorpions
  4 jellies
  20 wights
  7 killer bees
  2 howler monkeys
  5 hounds
  3 orc priests
  A sleepcap (D:5)
  Jessica (D:2)
  An iguana (D:5)
  7 orc wizards
  15 gnolls
  7 adders
  3 river rats
  A shadow imp (D:8)
  A white imp (D:8)
  2 ribbon worms
  30 orcs
  11 endoplasms
  7 giant cockroaches
  10 goblins
  4 hobgoblins
  25 kobolds
  9 quokkas
  13 ball pythons
  4 bats
  5 frilled lizards
  30 rats
333 creatures vanquished.

Vanquished Creatures (collateral kills)
  A cyclops (D:13)
  A slime creature (D:13)
  A yak (D:5)
  A water moccasin (D:6)
  A sky beast (D:7)
  2 orc warriors
  A centaur (D:6)
  2 kobold brigands (D:7)
  2 scorpions
  2 wights (D:7)
  3 hounds
  2 orc priests
  2 orc wizards (D:6)
  An adder (D:6)
  A shadow imp (D:6)
  2 orcs
  A ball python (D:4)
  8 kobolds
  A rat (D:4)
35 creatures vanquished.

Vanquished Creatures (others)
  A two-headed ogre (D:12)
  An arcanist (D:5)
  A slime creature (D:13)
3 creatures vanquished.

Grand Total: 371 creatures vanquished

Notes
Turn   | Place    | Note
-------+----------+-------------------------------------------
     0 | D:1      | ezpacito the Coglin Chaos Knight began the quest for the
                  | Orb.
     0 | D:1      | Reached XP level 1. HP: 18/18 MP: 1/1
    75 | D:1      | Reached skill level 1 in Dodging
   137 | D:1      | XOM: divination: detect items
   143 | D:1      | XOM: divination: detect items
   280 | D:1      | Reached XP level 2. HP: 24/24 MP: 2/2
   285 | D:1      | XOM: silly message
   386 | D:1      | Reached XP level 3. HP: 25/29 MP: 3/3
   464 | D:1      | Reached skill level 1 in Evocations
   886 | D:2      | XOM: stealth player
  1045 | D:2      | XOM: divination: detect creatures
  1235 | D:2      | Reached XP level 4. HP: 35/35 MP: 4/4
  1416 | D:2      | Noticed Jessica
  1425 | D:2      | XOM: butterfly on damage
  1434 | D:2      | Killed Jessica
  1435 | D:2      | Reached XP level 5. HP: 25/41 MP: 5/5
  1490 | D:2      | XOM: silly message
  1601 | D:2      | XOM: 6-stop teleportation journey
  1810 | D:2      | Reached skill level 1 in Polearms
  1989 | D:3      | XOM: smoke on damage
  1996 | D:3      | Reached skill level 1 in Stealth
  2099 | D:3      | XOM: give mutations
  2099 | D:3      | Gained mutation: You expend magic power (3 MP) to
                  | strengthen your wands. [Xom's mischief]
  2099 | D:3      | Gained mutation: Potions are less effective at restoring
                  | your health. [Xom's mischief]
  2099 | D:3      | Lost mutation: You expend magic power (3 MP) to strengthen
                  | your wands. [Xom's mischief]
  2099 | D:3      | Gained mutation: Your natural rate of healing is unusually
                  | fast. [Xom's mischief]
  2731 | D:4      | Found a glowing drain.
  2741 | D:4      | Reached skill level 1 in Spellcasting
  2752 | Sewer    | Entered a sewer
  2795 | Sewer    | Reached XP level 6. HP: 47/47 MP: 7/7
  2820 | Sewer    | XOM: silly message
  2823 | Sewer    | XOM: smoke on damage
  2950 | Sewer    | XOM: chaos cloud
  2980 | Sewer    | XOM: give mutation
  2980 | Sewer    | Gained mutation: You are agile. (Dex +4, Str/Int -1) [Xom's
                  | mischief]
  2994 | Sewer    | XOM: stat loss: -1 Int (9/10)
  3102 | D:4      | Reached XP level 7. HP: 53/53 MP: 8/8
  3145 | D:4      | Found a staircase to the Ecumenical Temple.
  3158 | Temple   | Entered the Ecumenical Temple
  3190 | D:4      | Noticed Eustachio
  3192 | D:4      | XOM: scenery: summon butterflies
  3204 | D:4      | Killed Eustachio
  3497 | D:4      | XOM: scenery: create altars
  3738 | D:5      | Entered Level 5 of the Dungeon
  3775 | D:5      | Noticed a yak
  3775 | D:5      | XOM: swap monsters
  3776 | D:5      | Reached XP level 8. HP: 61/61 MP: 10/10
  3779 | D:5      | XOM: enchant monster (good)
  3796 | D:5      | XOM: cast spell 'Summon Hydra'
  3802 | D:5      | Killed a yak
  3871 | D:5      | Found Joesch's Assorted Antiques.
  3876 | D:5      | Bought a buzzing short sword for 232 gold pieces
  3876 | D:5      | Identified the +5 short sword "Eboev" {vamp, Str+2} (You
                  | bought it in a shop on level 5 of the Dungeon)
  3924 | D:5      | XOM: potion effect (invisibility)
  3973 | D:5      | Reached skill level 5 in Axes
  4058 | D:5      | Found a bloodstained altar of Trog.
  4059 | D:5      | Noticed a wizard
  4064 | D:5      | Killed a wizard
  4097 | D:5      | Noticed a yak
  4099 | D:5      | XOM: enchant monster (bad)
  4115 | D:5      | Killed a yak
  4116 | D:5      | Reached skill level 5 in Fighting
  4128 | D:5      | Noticed a yak
  4130 | D:5      | XOM: summons 8 friendly demons
  4133 | D:5      | Killed a yak
  4134 | D:5      | Reached skill level 1 in Short Blades
  4138 | D:5      | Reached XP level 9. HP: 68/68 MP: 12/12
  4170 | D:5      | XOM: polymorph shadow imp -> ufetubus
  4304 | D:5      | XOM: silly message
  4347 | D:6      | XOM: cast spell 'Summon Dragon'
  4480 | D:6      | XOM: noise
  4641 | D:6      | Found a sparkling altar of Nemelex Xobeh.
  4665 | D:6      | XOM: summons friendly white imp
  4686 | D:6      | XOM: god gift: condenser vane
  4691 | D:6      | XOM: cloud trail
  4727 | D:6      | Identified the +1 ring mail of Snakes and Ladders {-Cast
                  | rN+ Will++ Str+4}
  4985 | D:6      | Reached skill level 5 in Armour
  5101 | D:6      | XOM: give mutation
  5101 | D:6      | Gained mutation: You have hidden genetic potential. [Xom's
                  | mischief]
  5157 | D:6      | XOM: give mutation
  5157 | D:6      | Lost mutation: You are agile. (Dex +4, Str/Int -1) [Xom's
                  | mischief]
  5214 | D:6      | XOM: divination: magic mapping
  5298 | D:7      | Found a flagged portal.
  5336 | D:7      | XOM: silly message
  5347 | D:7      | Reached skill level 5 in Dodging
  5349 | D:7      | Reached XP level 10. HP: 67/76 MP: 14/14
  5369 | D:7      | Identified the +6 trident of Plog {pain, rN++}
  5370 | D:7      | Reached skill level 5 in Evocations
  5469 | D:7      | Found a glowing silver altar of Zin.
  5469 | D:7      | Noticed an angel
  5591 | Bailey   | Entered a bailey
  5622 | Bailey   | Noticed an orc knight
  5623 | Bailey   | Found a large runed translucent door.
  5623 | Bailey   | Found a large runed translucent door.
  5624 | Bailey   | Noticed a deep elf pyromancer
  5645 | Bailey   | Killed an orc knight
  5658 | Bailey   | Gained mutation: You have supernaturally acute eyesight.
                  | (SInv) [hidden potential]
  5782 | Bailey   | Killed a deep elf pyromancer
  5802 | Bailey   | Identified the +0 plate armour of the Sharing Gods {rPois
                  | rCorr}
  6022 | D:7      | XOM: cloud trail
  6057 | D:7      | XOM: silly message
  6096 | D:8      | XOM: potion effect (might)
  6233 | D:8      | Reached skill level 5 in Polearms
  6233 | D:8      | Reached skill level 1 in Necromancy
  6233 | D:8      | Reached XP level 11. HP: 80/86 MP: 16/16
  6572 | D:8      | XOM: silly message
  6826 | D:8      | XOM: noise
  6919 | D:9      | Found a blossoming altar of Fedhas.
  6928 | D:9      | XOM: enchant monster (good)
  6930 | D:9      | XOM: confusion (+ monsters)
  6932 | D:9      | XOM: polymorph orc warrior -> sky beast
  6937 | D:9      | Reached XP level 12. HP: 91/91 MP: 17/17
  6937 | D:9      | XOM: potion effect (brilliance)
  6939 | D:9      | XOM: silly message
  7183 | D:9      | Found an ancient bone altar of Kikubaaqudgha.
  7232 | D:9      | XOM: give mutations
  7232 | D:9      | Gained mutation: You are strong-willed. (Will+) [Xom's
                  | mischief]
  7232 | D:9      | Gained mutation: You are robust. (+10% HP) [Xom's mischief]
  7271 | D:9      | Noticed Jeremiah
  7287 | D:9      | XOM: confuse monster(s)
  7294 | D:9      | Killed Jeremiah
  7298 | D:9      | Gained mutation: You are partially covered in iridescent
                  | scales. (AC +2) [hidden potential]
  7298 | D:9      | Lost mutation: You have hidden genetic potential. [hidden
                  | potential expressed]
  7552 | D:9      | XOM: polymorph yak -> hog
  7647 | D:10     | Entered Level 10 of the Dungeon
  7705 | D:10     | Found a staircase to the Orcish Mines.
  7789 | D:10     | XOM: cloud trail
  7822 | D:10     | Noticed a two-headed ogre
  7824 | D:10     | XOM: divination: magic mapping
  7827 | D:10     | Killed a two-headed ogre
  7924 | D:10     | Noticed a two-headed ogre
  7932 | D:10     | Killed a two-headed ogre
  8006 | D:10     | Found a staircase to the Lair.
  8482 | D:10     | Found Xaippuatt's Book Shop.
  8490 | D:10     | Learned a level 2 spell: Mercury Vapours
  8494 | D:10     | Learned a level 3 spell: Mephitic Cloud
  8499 | D:10     | Learned a level 4 spell: Animate Armour
  8504 | D:10     | Learned a level 4 spell: Summon Lightning Spire
  8510 | D:10     | Learned a level 5 spell: Freezing Cloud
  8801 | D:11     | Reached skill level 5 in Stealth
  8845 | D:11     | XOM: 1-stop teleportation journey
  8955 | D:11     | Noticed a five-headed hydra
  8963 | D:11     | Killed a five-headed hydra
  9049 | D:11     | XOM: god gift: 48 gold pieces
  9094 | D:11     | XOM: summons friendly white imp
  9096 | D:11     | XOM: scenery: summon butterflies
  9113 | D:11     | Reached skill level 1 in Summonings
  9115 | D:11     | XOM: silly message
  9235 | D:12     | Noticed a boulder beetle
  9240 | D:12     | XOM: summons 3 friendly demons
  9242 | D:12     | XOM: cleaving
  9246 | D:12     | Killed a boulder beetle
  9247 | D:12     | Reached skill level 1 in Alchemy
  9460 | D:12     | XOM: cloud trail
  9492 | D:12     | XOM: confuse monster(s)
  9501 | D:12     | Reached XP level 13. HP: 108/108 MP: 19/19
  9601 | D:12     | XOM is BORED!
  9735 | D:12     | XOM: noise
  9741 | D:12     | XOM: summons 7 hostile demons
  9876 | D:12     | XOM: give mutations
  9876 | D:12     | Gained mutation: You are somewhat resistant to further
                  | mutation. [Xom's mischief]
  9876 | D:12     | Lost mutation: You are robust. (+10% HP) [Xom's mischief]
  9876 | D:12     | Gained mutation: You occasionally shout uncontrollably at
                  | your foes. [Xom's mischief]
  9876 | D:12     | Gained mutation: Armour fits poorly on your strangely
                  | shaped body. [Xom's mischief]
  9878 | D:12     | Lost mutation: You occasionally shout uncontrollably at
                  | your foes. [potion of mutation]
  9878 | D:12     | Lost mutation: You are strong-willed. (Will+) [potion of
                  | mutation]
  9878 | D:12     | Gained mutation: You occasionally lose the ability to read
                  | scrolls when taking damage. [potion of mutation]
  9879 | D:12     | Lost mutation: Potions are less effective at restoring your
                  | health. [potion of mutation]
  9879 | D:12     | Lost mutation: You are somewhat resistant to further
                  | mutation. [potion of mutation]
  9879 | D:12     | Lost mutation: You have supernaturally acute eyesight.
                  | (SInv) [potion of mutation]
  9879 | D:12     | Gained mutation: You are clumsy. (Dex -2) [potion of
                  | mutation]
  9879 | D:12     | Gained mutation: You expend magic power (3 MP) to
                  | strengthen your wands. [potion of mutation]
 10117 | D:13     | XOM: 1-stop teleportation journey
 10155 | D:13     | Noticed Kirke
 10155 | D:13     | XOM: scenery: create altars
 10285 | D:13     | Killed Kirke
 10300 | D:13     | XOM: polymorph human -> fire crab
 10531 | D:13     | Found a runed translucent door.
 10533 | D:13     | Noticed snarfax's ghost (journeyman MDBe)
 10556 | D:13     | XOM: summons 6 friendly demons
 10764 | D:13     | XOM: silly message
 10924 | D:14     | XOM: cast spell 'Summon Small Mammal'
 10991 | D:14     | Lost mutation: You expend magic power (3 MP) to strengthen
                  | your wands. [potion of mutation]
 10991 | D:14     | Lost mutation: Your natural rate of healing is unusually
                  | fast. [potion of mutation]
 10991 | D:14     | Lost mutation: You are clumsy. (Dex -2) [potion of
                  | mutation]
 10991 | D:14     | Gained mutation: You are partially covered in large bone
                  | plates. (SH +4) [potion of mutation]
 10991 | D:14     | Gained mutation: You are somewhat resistant to further
                  | mutation. [potion of mutation]
 11333 | D:14     | XOM: divination: detect items
 11349 | D:13     | XOM: divination: detect creatures
 11419 | D:13     | XOM: divination: detect creatures
 11439 | D:14     | XOM: potion effect (attraction)
 11454 | D:14     | XOM: potion effect (brilliance)
 11459 | D:13     | XOM: butterfly on damage
 11465 | D:13     | HP: 1/101 [white ugly thing (11)]
 11465 | D:13     | Annihilated by a white ugly thing

Illustrated notes

Levels and vault maps discovered:
D:1:      matt_arrival_refuge, layout_basic
D:2:      layout_basic, interstate_on_off, uniq_jessica
D:3:      layout_basic, chequers_serial_rivers_small_a
D:4:      layout_basic, minmay_temple_entry_statues_fountains,
          portal_sewer_entry_b, uniq_eustachio
D:5:      layout_rooms, trog_wizard, serial_shops, shop
D:6:      layout_gridville, nemelex_dance_club_becter
D:7:      layout_rooms, zin_angel, enter_bailey_5
D:8:      layout_loops_cross, minmay_misc_feat_rows, grunt_ministairs_8
D:9:      layout_roguey, mainiacjoe_overflow_24_doors, old_standard_altar,
          uniq_jeremiah
D:10:     layout_loops_ring, lair_entry_dummy, orc_0_dummy, serial_shops,
          kennysheep_little_box, grunt_decor_junction
D:11:     layout_roguey
D:12:     layout_irregular_city
D:13:     layout_loops_ring, ebering_ghost_reflecting_pool, uniq_kirke
D:14:     layout_loops_ring, erik_vaults_2
Temple:   bh_familiar_temple

Skill      XL: |  1  2  3  4  5  6  7  8  9 10 11 12 13 |
---------------+----------------------------------------+-----
Dodging        | 1 2 3 4 5 6 7 8 |  8.1
Armour         | 2 3 4 5 6 7 8 |  8.2
Evocations     | 1 2 3 4 6 7 |  7.8
Polearms       | 1 2 3 5 6 7 |  7.0
Stealth        | 1 2 3 4 5 |  5.4
Spellcasting   | 1 2 3 4 |  4.8
Axes           | 4 5 6 7 8 9 |  9.3
Fighting       | 4 5 6 7 8 9 |  9.3
Short Blades   | 1 2 3 4 |  4.9
Necromancy     | 1 2 3 |  3.1
Summonings     | 1 2 |  2.3
Alchemy        | 1 2 |  2.2

Action                     |  1- 3 |  4- 6 |  7- 9 | 10-12 | 13-15 || total
---------------------------+-------+-------+-------+-------+-------++-------
  Melee: Hand axe          |    60 |   109 |   148 |       |       ||   317
         Dagger            |    54 |   108 |    49 |       |       ||   211
         Short sword       |       |       |    95 |   337 |   200 ||   632
         Trident           |       |       |       |   400 |   215 ||   615
  Evoke: Wand              |       |       |     2 |    15 |     1 ||    18
         Condenser vane    |       |       |       |     2 |     1 ||     3
    Use: Scroll            |       |    14 |     5 |    11 |     6 ||    36
         Potion            |       |       |     3 |     7 |    11 ||    21
   Stab: Sleeping          |     4 |     5 |     5 |     9 |     4 ||    27
         Distracted        |       |     1 |     1 |       |     2 ||     4
         Invisible         |       |       |     7 |     3 |       ||    10
         Confused          |       |       |       |     5 |       ||     5
 Armour: Leather armour    |    39 |    90 |    80 |       |       ||   209
         Ring mail         |       |       |    29 |    70 |       ||    99
         Shadow dragon sca |       |       |       |   290 |   211 ||   501
  Dodge: Dodged            |    36 |    85 |   137 |   269 |    93 ||   620
  Block: Other             |       |       |       |       |     3 ||     3

Table legend: (Time is in decaauts)
 A = Elapsed time spent in this place.
 B = Non-inter-level travel time spent in this place.
 C = Inter-level travel time spent in this place.
 D = Time resting spent in this place.
 E = Time spent auto-exploring this place.
 F = Levels seen in this place.
 G = Mean time per level.
                   A        B        C        D        E       F      G
               +--------+--------+--------+--------+--------+-----+--------+
         Total |  11468 |  11011 |    457 |    471 |   7176 |  17 |  674.6 |
       Dungeon |  10917 |  10461 |    456 |    471 |   7009 |  14 |  779.8 |
        Temple |      1 |      1 |      0 |      0 |      0 |   1 |    1.0 |
         Sewer |    288 |    288 |      0 |      0 |    113 |   1 |  288.0 |
        Bailey |    260 |    260 |      0 |      0 |     54 |   1 |  260.0 |
               +--------+--------+--------+--------+--------+-----+--------+

Top non-repeatable levels by time:
    D:13: 1124 daAuts
     D:2: 1016 daAuts
     D:6: 945 daAuts
    D:10: 939 daAuts
     D:1: 889 daAuts
    D:12: 856 daAuts
     D:4: 837 daAuts
     D:8: 799 daAuts
     D:9: 774 daAuts
     D:3: 762 daAuts
    D:11: 629 daAuts
     D:5: 608 daAuts
     D:7: 514 daAuts
   Sewer: 288 daAuts
  Bailey: 260 daAuts
